 Dungeon Crawl Stone Soup version 0.31.0-1-g2c135a0 (webtiles) character file.

Game seed: 16497870582761541593

252 brinewave the Chopper (level 5, -6/47 HPs)
             Began as a Minotaur Fighter on Jan 28, 2024.
             Mangled by a gnoll
             ... wielding a +4 halberd
              (9 damage)
             ... on level 4 of the Dungeon.
             The game lasted 00:07:42 (2623 turns).

brinewave the Chopper (Minotaur Fighter)            Turns: 2623, Time: 00:07:43

Health: -6/47      AC:  3    Str: 22    XL:     5   Next: 89%
Magic:  4/4        EV:  9    Int:  5    God:
Gold:   149        SH:  4    Dex: 10    Spells: 4/4 levels left

rFire   . . .        a - +0 war axe
rCold   . . .        c - +0 buckler
rNeg    . . .        b - +0 scale mail
rPois   .            (helmet restricted)
rElec   .            (no cloak)
rCorr   .            (no gloves)
SInv    .            (no boots)
Will    .....        (no amulet) Stlth
                     (no ring)
HPRegen 0.27/turn    (no ring)
MPRegen 0.09/turn

%: no passive effects
@: mighty, corroded
A: horns 2, retaliatory headbutt
a: no special abilities


You were on level 4 of the Dungeon.
You visited 1 branch of the dungeon, and saw 4 of its levels.

You collected 149 gold pieces.

Inventory:

Hand Weapons
 a - a +0 war axe (weapon)
Missiles
 e - 22 stones (quivered)
 k - 4 boomerangs
 s - 4 poisoned darts
Armour
 b - a +0 scale mail (worn)
 c - a +0 buckler (worn)
 p - the +0 leather armour of Okawaru's Inspiration {+Inv rF++}
   (You found it on level 2 of the Dungeon)

   rF++:      It greatly protects you from fire.
   +Inv:      It lets you turn invisible.
Scrolls
 h - a scroll of revelation {unknown}
 q - a scroll of enchant weapon {unknown}
 r - a scroll of teleportation {unknown}
Potions
 f - a potion of attraction {unknown}
 g - a potion of haste {unknown}
 i - 3 potions of magic
 l - a potion of heal wounds {unknown}
 m - a potion of mutation {unknown}
 n - 2 potions of curing
 o - 2 potions of cancellation {unknown}


   Skills:
 + Level 4.8 Fighting
 * Level 5.1 Axes
 + Level 4.8 Armour
 + Level 4.8 Shields


You had 4 spell levels left.
You didn't know any spells.
Your spell library contained the following spells:

 Spells                   Type           Power      Damage    Failure   Level
 Apportation              Tloc           0%         N/A       85%         1
 Necrotise                Necr           0%         1d4       85%         1
 Sting                    Conj/Alch      0%         1d3       85%         1
 Summon Small Mammal      Summ           0%         N/A       85%         1
 Lesser Beckoning         Tloc           0%         N/A       94%         2
 Gell's Gravitas          Tloc           0%         N/A       99%         3
 Teleport Other           Tloc           0%         N/A       99%         3
 Malign Gateway           Summ/Tloc      0%         N/A       100%        7
 Summon Horrible Things   Summ           0%         N/A       100%        8


Dungeon Overview and Level Annotations

Branches:
Dungeon (4/15)
 Temple: D:4-7

Altars:

Shops:
D:1 ([


Innate Abilities, Weirdness & Mutations

You have a pair of horns on your head.
You reflexively headbutt those who attack you in melee.


Message History

You block the black bear's attack. The black bear barely misses you.
The black bear claws you but does no damage.
The gnoll hits you from afar with a +4 halberd.
The adder bites you but does no damage. The orc hits you but does no damage.
You slash the adder!
The adder is severely wounded.
You slash the orc!
You kill the orc!
You barely miss the black bear. The gnoll barely misses you.
The black bear bites you.
The black bear claws you but does no damage.
The black bear barely misses you. The gnoll barely misses you.
The adder bites you. You block the gnoll's attack.
The gnoll closely misses you. You block the black bear's attack.
The black bear barely misses you.
The black bear claws you but does no damage.
You closely miss the adder. Your headbutt misses the adder.
The adder is severely wounded.
You hit the jelly.
Your hands burn!
You barely miss the black bear. The adder barely misses you.
The jelly hits you but does no damage. You block the gnoll's attack.
The gnoll hits you from afar with a +4 halberd!
* * * LOW HITPOINT WARNING * * *
The black bear bites you.
* * * LOW HITPOINT WARNING * * *
You block the black bear's attack. The black bear claws you.
* * * LOW HITPOINT WARNING * * *
The adder bites you but does no damage.
You miss the adder.
The adder is severely wounded.
You slash the jelly! The acid corrodes you!
Your hands burn!
* * * LOW HITPOINT WARNING * * *
You completely miss the black bear. The adder bites you.
* * * LOW HITPOINT WARNING * * *
You block the jelly's attack. You block the gnoll's attack.
The black bear bites you but does no damage.
The black bear barely misses you. The black bear claws you.
* * * LOW HITPOINT WARNING * * *
The gnoll hits you from afar with a +4 halberd!
You die...

...........########.....[........
###''......# #..............
...##......# #..|...........
...###'##### #.............. ...#
#.....# #..............
...#######+########......########
....###...........#......#
.)g..#........gh.J###.####
####.........wg.@S......
###..##########...... #.....
..... ###.### .... ... ... ..#.
## ..# .


You could see a black bear, a ribbon worm, a jelly, 2 gnolls and an adder.

Vanquished Creatures
  An ogre (D:4)
  6 gnolls
  5 adders
  5 dart slugs
  A ribbon worm (D:2)
  An orc (D:4)
  6 ball pythons
  4 endoplasms
  3 giant cockroaches
  4 goblins
  5 hobgoblins
  2 jackals (D:3)
  2 kobolds
  4 quokkas
  3 bats
  A frilled lizard (D:3)
  3 rats
56 creatures vanquished.

Notes
Turn   | Place    | Note
-------+----------+-------------------------------------------
     0 | D:1      | brinewave the Minotaur Fighter began the quest for the Orb.
     0 | D:1      | Reached XP level 1. HP: 19/19 MP: 0/0
     7 | D:1      | Found Hyegroix's Antique Weapon Boutique.
    34 | D:1      | Reached XP level 2. HP: 22/27 MP: 1/1
    79 | D:1      | Reached skill level 3 in Axes
   284 | D:1      | Found Ytamaig's Antique Armour Shoppe.
   301 | D:1      | Reached XP level 3. HP: 25/33 MP: 2/2
   805 | D:2      | Found a faded altar of an unknown god.
  1085 | D:2      | Identified the +0 leather armour of Okawaru's Inspiration
                  | {+Inv rF++}
  1100 | D:2      | Reached XP level 4. HP: 40/40 MP: 3/3
  1669 | D:3      | Reached skill level 4 in Axes
  2125 | D:4      | Noticed an ogre
  2142 | D:3      | Reached XP level 5. HP: 31/47 MP: 4/4
  2529 | D:4      | Killed an ogre
  2530 | D:4      | Reached skill level 5 in Axes
  2611 | D:4      | Noticed a black bear
  2623 | D:4      | Mangled by a gnoll

Illustrated notes

Levels and vault maps discovered:
D:1:      dpeg_arrival_tiny_a, layout_loops_ring, serial_glass, glass_columns_a,
          glass_columns_a, serial_shops, shop, nicolae_shop_statue_plus,
          grunt_decor_cap, minmay_crystal_room, nicolae_figureground_sparkle
D:2:      layout_loops_corners, hellmonk_ecumenical_altar_heavens_door,
          item_on_display_a
D:3:      layout_basic, chequers_serial_rivers_room_a
D:4:      layout_basic, minmay_temple_entry_nine_rooms

Skill      XL: |  1  2  3  4  5 |
---------------+----------------+-----
Axes           | 3 4 5 |  5.1
Shields        | 4 |  4.8
Fighting       | 4 |  4.8
Armour         | 4 |  4.8

Action                     |  1- 3 |  4- 6 || total
---------------------------+-------+-------++-------
  Melee: War axe           |    46 |    80 ||   126
         Headbutt          |    11 |    10 ||    21
  Throw: Dart              |       |     4 ||     4
         Boomerang         |       |     1 ||     1
    Use: Scroll            |       |     2 ||     2
         Potion            |       |     1 ||     1
 Armour: Scale mail        |    18 |    85 ||   103
  Dodge: Dodged            |    15 |    59 ||    74
  Block: Buckler           |     6 |    31 ||    37
